 Dungeon Crawl Stone Soup version 0.15-a0-1506-g1b030bc (webtiles) character file.

610 Crauler the Changer (level 7, 0/56 HPs)
             Began as a White Draconian Transmuter on June 15, 2014.
             Was an Initiate of Sif Muna.
             Slain by a large abomination (28 damage)
             ... on Level 1 of the Abyss.
             The game lasted 00:16:39 (4776 turns).

Crauler the Changer (White Draconian Transmuter)    Turns: 4776, Time: 00:16:39

HP   0/56        AC 10     Str 12      XL: 7   Next: 20%
MP   8/14        EV 13     Int 15      God: Sif Muna [......]
Gold 32          SH  0     Dex 12      Spells:  4 memorised,  4 levels left

rFire  . . .     SeeInvis .     N - plain deck of destruction {drawn: 2}
rCold  + . .     Clarity  .     (armour unavailable)
rNeg   . . .     rCorr    .     (no shield)
rPois  .         rRot     .     (helmet restricted)
rElec  .         Spirit   .     J - +0 cloak
SustAb .         Warding  .     I - +2 pair of gloves
rMut   .         Stasis   .     (no boots)
Gourm  .                        (no amulet)
MR     .....                    (no ring)
                                (no ring)

@: very slightly contaminated, constricted, not resistant to hostile
enchantments, very unstealthy
A: breathe frost, unfitting armour, cold resistance 1, cold-blooded, AC +6
a: Breathe Frost, Renounce Religion


You were on level 1 of the Abyss.
You worshipped Sif Muna.
Sif Muna was noncommittal.
You were very hungry.

You visited 1 branch of the dungeon, and saw 5 of its levels.
You visited the Abyss 1 time.

You collected 260 gold pieces.
You spent 228 gold pieces at shops.

Inventory:

Hand weapons
 e - a +0,+0 hand axe of electrocution
 M - a +0,+0 hand axe of chopping
Missiles
 b - 5 javelins (quivered)
 w - 32 poisoned needles
Armour
 I - a +2 pair of gloves (worn)
 J - a +0 cloak (worn)
Comestibles
 a - 4 bread rations
 f - 2 meat rations
 q - 2 beef jerkies
 E - a royal jelly
 G - 2 rotting chunks of orc flesh
 H - a rotting chunk of hound flesh
 K - 4 rotting chunks of orc flesh
 L - a rotting chunk of hound flesh
Scrolls
 g - 2 scrolls of remove curse {unknown}
 i - a scroll of noise {unknown}
 j - 3 scrolls of teleportation {unknown}
 k - 4 scrolls of enchant weapon I {unknown}
 l - a scroll of amnesia {unknown}
 m - 10 scrolls of identify {unknown}
 p - 2 scrolls of fog {unknown}
 s - a scroll of random uselessness {unknown}
 t - a scroll of fear {unknown}
 y - a scroll of magic mapping {unknown}
 C - a scroll of recharging {unknown}
 D - a scroll of immolation {unknown}
Jewellery
 r - an uncursed amulet of the gourmand {unknown}
Potions
 c - a potion of brilliance {unknown}
 h - 4 potions of heal wounds {unknown}
 n - 2 potions of curing {unknown}
 o - 2 potions of degeneration {unknown}
 u - 2 potions of flight {unknown}
 v - a potion of lignification {unknown}
 x - a potion of might {unknown}
 z - a potion of restore abilities {unknown}
 B - 2 potions of poison {unknown}
Books
 d - a book of Changes

   Spells                             Type                      Level
   *Beastly Appendage                 Transmutation                1
   Sticks to Snakes                   Transmutation                2
   *Spider Form                       Transmutation/Poison         3
   Ice Form                           Ice/Transmutation            4
   Blade Hands                        Transmutation                5
 A - a book of Minor Magic

   Spells                             Type                      Level
   Magic Dart                         Conjuration                  1
   *Blink                             Translocation                2
   Call Imp                           Summoning                    2
   *Repel Missiles                    Charms/Air                   2
   Slow                               Hexes                        2
   Conjure Flame                      Conjuration/Fire             3
   Mephitic Cloud                     Conjuration/Poison/Air       3
Miscellaneous
 N - a plain deck of destruction {drawn: 2} (in hand)


   Skills:
 + Level 2.8 Fighting
 * Level 3.7 Dodging
 * Level 4.5 Unarmed Combat
 + Level 3.3 Spellcasting
 * Level 4.7 Transmutations


You had 4 spell levels left.
You knew the following spells:

 Your Spells              Type           Power        Failure   Level  Hunger
a - Beastly Appendage     Trmt           ###...       2%          1    #......
b - Spider Form           Trmt/Pois      #.........   24%         3    ###....
c - Blink                 Tloc           N/A          34%         2    ##.....
d - Repel Missiles        Chrm/Air       #.....       34%         2    ##.....


Dungeon Overview and Level Annotations

Branches:
Dungeon (5/15)             Temple (0/1) D:4

Altars:
Kikubaaqudgha
Makhleb
Sif Muna
Trog

Shops:
D:5 [

Portals:
Ossuary: D:5


Innate Abilities, Weirdness & Mutations

You can breathe waves of freezing cold.*
You can buffet flying creatures when you breathe cold.*
Your icy white scales are hard (AC +6).*
Your body does not fit into most forms of armour.
Your flesh is cold resistant.*
Your cold-blooded metabolism reacts poorly to cold.*


Message History

You are very lightly contaminated with residual magic.
The world appears momentarily distorted!
A tentacle flies out from the starspawn's body!
Unknown command.
Casting: Blink
Confirm with . or Enter, or press ? or * to list all spells.
You blink.
The starspawn tentacle grabs you. The starspawn tentacle constricts you.
You escape the starspawn tentacle's grasp.
The thrashing horror misses you.
The thrashing horror tramples you but does no damage.
A large abomination comes into view.
A tentacle flies out from the starspawn's body!
The large abomination moves out of view.
A tentacle flies out from the starspawn's body!
The starspawn tentacle grabs you. The starspawn tentacle constricts you.
Your attempt to break free from the starspawn tentacle fails, but you feel that another attempt might succeed.
The tentacle pulls you backwards! The large abomination hits you!!
Ouch! That really hurt!
You die...

# . . #.. ..# .
. .#...# ....# .
. .##..... . ..
. #.#.#>.
...##..# #
###.#.#.#.#.#..
.###
#..#.##.#..# .
##.#....#..#.###
# .
.###.#..@..#...
# #..##.##wX#..#
# ... #X#..##...
#. ##
##.#.##..###.
.#..#.##...##
.#...
#.##..X#.### .
.. # ##..# .# .
##...#.# # . #
#...##


You could see a tentacled starspawn, a large abomination and a starspawn
tentacle.

Vanquished Creatures
  An ogre (D:4)
  A scorpion (D:5)
  A giant frog zombie (D:5)
  An orc priest (D:4)
  4 hounds
  A crimson imp (D:5)
  An iguana (D:4)
  2 worker ants (D:4)
  6 adders
  A giant mite (D:1)
  3 worms
  An adder skeleton (D:4)
  The ghost of lennard the Skirmisher, a weakling FoWn (D:5)
  An ooze (D:1)
  16 orcs
  3 giant cockroaches
  12 hobgoblins
  5 jackals
  11 kobolds
  4 quokkas
  3 ball pythons
  7 bats
  A giant gecko (D:4)
  8 giant newts
  8 goblins
  An orc skeleton (D:4)
  12 rats
  2 plants (D:4)
118 creatures vanquished.

Vanquished Creatures (others)
  7 starspawn tentacles (Abyss:1)
  29 starspawn tentacle segments (Abyss:1)
36 creatures vanquished.

Grand Total: 154 creatures vanquished

Notes
Turn   | Place    | Note
--------------------------------------------------------------
     0 | D:1      | Crauler, the Draconian Transmuter, began the quest for the Orb.
     0 | D:1      | Reached XP level 1. HP: 16/16 MP: 3/3
   141 | D:1      | Reached XP level 2. HP: 12/23 MP: 4/4
   590 | D:1      | Reached XP level 3. HP: 19/28 MP: 6/6
  1577 | D:2      | Found a burning altar of Makhleb.
  1577 | D:2      | Noticed a balrug
  1580 | D:2      | Noticed a ynoxinul
  1580 | D:2      | Noticed a neqoxec
  1630 | D:3      | Reached XP level 4. HP: 25/35 MP: 7/7
  1856 | D:3      | Learned a level 3 spell: Spider Form
  2126 | D:3      | Found a bloodstained altar of Trog.
  2755 | D:4      | Reached XP level 5. HP: 34/40 MP: 9/9
  2839 | D:4      | Found an ancient bone altar of Kikubaaqudgha.
  2847 | D:4      | Reached skill level 4 in Unarmed Combat
  3118 | D:4      | Learned a level 2 spell: Blink
  3121 | D:4      | Learned a level 2 spell: Repel Missiles
  3341 | D:4      | Found a staircase to the Ecumenical Temple.
  3386 | D:4      | Reached XP level 6. HP: 29/48 MP: 3/11
  3561 | D:4      | Noticed an ogre
  3575 | D:4      | Killed an ogre
  3799 | D:4      | Found a deep blue altar of Sif Muna.
  4101 | D:5      | Entered Level 5 of the Dungeon
  4101 | D:5      | Noticed lennard's ghost (weakling FoWn)
  4108 | D:5      | Killed lennard's ghost
  4411 | D:5      | Your scales start taking on an icy white colour.
  4411 | D:5      | Gained mutation: Your flesh is cold resistant. [draconian maturity]
  4411 | D:5      | Reached XP level 7. HP: 40/56 MP: 14/14
  4418 | D:5      | Found Exzue's Armour Shoppe.
  4426 | D:5      | Bought a +2 pair of gloves for 174 gold pieces
  4426 | D:5      | Bought a +0 cloak for 54 gold pieces
  4484 | D:4      | Became a worshipper of Sif Muna the Loreminder
  4624 | D:5      | Found a sand-covered staircase.
  4640 | D:5      | Cast into the Abyss (orc wizard)
  4640 | Abyss:1  | Found a corrupted altar of Lugonu.
  4684 | Abyss:1  | Noticed a ynoxinul
  4684 | Abyss:1  | Noticed a large abomination
  4705 | Abyss:1  | Noticed a ynoxinul
  4732 | Abyss:1  | Noticed a tentacled starspawn
  4750 | Abyss:1  | Noticed a thrashing horror
  4768 | Abyss:1  | Noticed a large abomination
  4776 | Abyss:1  | Slain by a large abomination

Action                   |  1- 3 |  4- 6 |  7- 9 || total
-------------------------+-------+-------+-------++-------
Melee: Hand axe          |   114 |   156 |    24 ||   294
       Unarmed           |     8 |    41 |       ||    49
Throw: Javelin           |       |     3 |       ||     3
 Cast: Spider Form       |       |     5 |       ||     5
       Blink             |       |     1 |     3 ||     4
Evoke: Deck              |       |       |     2 ||     2
 Stab: Sleeping          |     1 |     1 |       ||     2
